 Dungeon Crawl Stone Soup version 0.21-a0-531-gacddea6 (webtiles) character file.

3626 slep the Cleaver (level 9, -5/69 HPs)
             Began as a Demonspawn Gladiator on Dec 14, 2017.
             Was a Believer of Okawaru.
             Slain by a killer bee (11 damage)
             ... on level 9 of the Dungeon.
             The game lasted 00:23:51 (6275 turns).

slep the Cleaver (Demonspawn Gladiator)             Turns: 6275, Time: 00:23:52

Health: -5/69      AC:  6    Str: 15    XL:     9   Next: 87%
Magic:  9/9        EV: 14    Int: 10    God:    Okawaru [**....]
Gold:   393        SH:  0    Dex: 17    Spells: 8/8 levels left

rFire    + . .     SeeInvis .   e - +2 hand axe (elec)
rCold    . . .     Gourm    .   (no shield)
rNeg     . . .     Faith    .   n - +0 ring mail
rPois    +         Spirit   .   (helmet restricted)
rElec    .         Reflect  .   N - scarf {repulsion}
rCorr    .         Harm     .   (gloves unavailable)
MR       .....                  (no boots)
Stlth    ..........             (no amulet)
HPRegen  0.21/turn              t - ring of protection from fire
MPRegen  0.11/turn              J - ring of poison resistance

@: confused, lethally poisoned (-5 -> -12), flying, repel missiles
A: antennae 1, claws 3, talons 1
a: Heroism, Renounce Religion


You were on level 9 of the Dungeon.
You worshipped Okawaru.
Okawaru was pleased with you.
You were not hungry.

You visited 1 branch of the dungeon, and saw 9 of its levels.

You collected 393 gold pieces.

Inventory:

Hand Weapons
 a - a +0 war axe
 e - a +2 hand axe of electrocution (weapon)
 g - a +2 antimagic hand axe
 P - a +0 hand axe of chopping
 R - a +0 blowgun
Missiles
 d - 3 throwing nets (quivered)
 h - 8 tomahawks
 S - 32 poisoned needles
Armour
 b - a +0 leather armour
 c - a +0 helmet
 n - a +0 ring mail (worn)
 r - a +0 pair of gloves
 x - a +1 pair of gloves
 G - a +0 hat
 N - a scarf of repulsion (worn)
Jewellery
 t - a ring of protection from fire (left claw)
 F - an uncursed ring of stealth
 H - a +3 ring of strength
 J - a ring of poison resistance (right claw)
Wands
 E - a wand of disintegration (16)
 L - a wand of acid (6)
 V - a wand of random effects (21)
Scrolls
 m - 2 scrolls of teleportation {unknown}
 p - 3 scrolls of blinking
 s - 5 scrolls of identify {unknown}
 v - 3 scrolls of remove curse {unknown}
 y - a scroll of fog {unknown}
 A - 4 scrolls of magic mapping {unknown}
 M - a scroll of vulnerability {unknown}
 O - a scroll of immolation {unknown}
 T - a scroll of fear {unknown}
Potions
 j - a potion of magic
 k - 2 potions of flight
 q - 2 potions of mutation {unknown}
 u - 3 potions of degeneration {unknown}
 z - 3 potions of agility {unknown}
 B - a potion of brilliance {unknown}
 C - 3 potions of cancellation {unknown}
 I - 2 potions of haste {unknown}
 K - a potion of might {unknown}
Books
 Q - a book of Flames

   Spells                             Type                      Level
   a - Flame Tongue                   Conjuration/Fire             1
   b - Throw Flame                    Conjuration/Fire             2
   c - Conjure Flame                  Conjuration/Fire             3
   d - Inner Flame                    Hexes/Fire                   3
   e - Sticky Flame                   Conjuration/Fire             4
   f - Fireball                       Conjuration/Fire             5
Comestibles
 f - 7 bread rations
 l - 4 royal jellies
 w - 5 fruits
 D - 4 meat rations


   Skills:
 + Level 6.2 Fighting
 + Level 9.4 Axes
 + Level 1.9 Throwing
 + Level 5.3 Armour
 + Level 5.2 Dodging
 + Level 2.7 Stealth


You had 8 spell levels left.
You didn't know any spells.

Dungeon Overview and Level Annotations

Branches:
Dungeon (9/15)             Temple (0/1) D:6
   Lair: D:8-11         Orc: D:9-12

Altars:
Cheibriados
Dithmenos
Elyvilon
Fedhas
Gozag
Hepliaklqana
Kikubaaqudgha
Makhleb
Okawaru
Ru
Yredelemnul
Zin

Shops:
D:7 *


Innate Abilities, Weirdness & Mutations

You have a pair of small antennae on your head.
You have claws for hands.
You have sharp toenails.


Message History

* * * LOW HITPOINT WARNING * * *
You feel sick.
The queen bee calls on the killer bee to defend it!
The killer bee goes berserk!
The killer bee closely misses you.
You feel sick. The killer bee barely misses you.
The killer bee closely misses you.
You feel sick. The killer bee closely misses you.
The queen bee calls on something to defend it!
The queen bee calls on the killer bee to defend it!
The killer bee goes berserk!
The killer bee barely misses you.
You feel sick.
You hear an angry buzzing noise.
The killer bee closely misses you. The killer bee stings you!
* * * LOW HITPOINT WARNING * * *
The killer bee stings you.
* * * LOW HITPOINT WARNING * * *
The killer bee stings you.
* * * LOW HITPOINT WARNING * * *
The killer bee stings you!
You die...

+# ####.. #...
##.######## #@........#
#yy.......# +##
#y........# #####
..y.y##(........# #....
.yyyy{y†........# #....
%.yy.y#.........####....
..y%yy#.........##.'..<.
....y #............#....
..%%. #.........####....


You could see a queen bee and 3 killer bees.

Vanquished Creatures
  Pikel (D:5)
  A hippogriff (D:8)
  Sigmund (D:2)
  Duvessa (D:4)
  3 ice beasts
  3 slaves (D:5)
  An orc warrior (D:8)
  2 sky beasts
  4 centaurs
  A big kobold (D:7)
  A bullfrog (D:6)
  Dowan (D:4)
  2 scorpions (D:8)
  3 killer bees (D:9)
  A howler monkey (D:8)
  3 crimson imps
  3 jellies
  3 bullfrog zombies
  9 hounds
  3 bullfrog skeletons
  5 orc priests
  5 orc wizards
  Ijyb (D:5)
  3 iguanas
  A worker ant zombie (D:7)
  A howler monkey skeleton (D:8)
  2 gnolls (D:6)
  13 adders
  3 shadow imps
  2 oozes (D:1)
  An adder zombie (D:8)
  2 worms
  7 leopard geckos
  33 orcs
  3 giant cockroaches
  10 goblins
  9 hobgoblins
  15 jackals
  3 quokkas
  A ball python (D:6)
  5 bats
  6 frilled lizards
  A jackal skeleton (D:8)
  15 kobolds
  A leopard gecko skeleton (D:8)
  14 rats
209 creatures vanquished.

Notes
Turn   | Place    | Note
-------+----------+-------------------------------------------
     0 | D:1      | slep the Demonspawn Gladiator began the quest for the Orb.
     0 | D:1      | Reached XP level 1. HP: 16/16 MP: 1/1
    53 | D:1      | Reached skill level 3 in Axes
    53 | D:1      | Gained mutation: You have sharp toenails. [demonic ancestry]
    53 | D:1      | Reached XP level 2. HP: 21/22 MP: 2/2
   194 | D:1      | Gained mutation: You have sharp fingernails. [demonic ancestry]
   194 | D:1      | Reached XP level 3. HP: 21/27 MP: 3/3
   865 | D:2      | Found a shadowy altar of Dithmenos.
   978 | D:2      | Found a sacrificial altar of Ru.
   986 | D:2      | Gained mutation: You have a pair of small antennae on your head. [demonic ancestry]
   986 | D:2      | Reached XP level 4. HP: 18/34 MP: 4/4
  1020 | D:2      | Reached skill level 4 in Axes
  1020 | D:2      | Reached skill level 1 in Armour
  1026 | D:2      | Reached XP level 5. HP: 21/39 MP: 5/5
  1187 | D:2      | Noticed Sigmund
  1193 | D:2      | Killed Sigmund
  1193 | D:2      | Reached skill level 1 in Stealth
  1193 | D:2      | Gained mutation: You have very sharp fingernails. [demonic ancestry]
  1193 | D:2      | Reached XP level 6. HP: 39/47 MP: 6/6
  1700 | D:3      | Reached skill level 5 in Axes
  2329 | D:4      | Reached XP level 7. HP: 49/52 MP: 7/7
  2600 | D:4      | Noticed Duvessa
  2604 | D:4      | Noticed Dowan
  2614 | D:4      | Killed Duvessa
  2616 | D:4      | Killed Dowan
  2616 | D:4      | Reached skill level 6 in Axes
  2800 | D:5      | Entered Level 5 of the Dungeon
  2822 | D:5      | Reached XP level 8. HP: 16/60 MP: 8/8
  2868 | D:5      | Noticed Pikel
  2940 | D:5      | Noticed Ijyb
  2947 | D:5      | Killed Ijyb
  3092 | D:5      | Found a burning altar of Makhleb.
  3103 | D:5      | Killed Pikel
  3103 | D:5      | Reached skill level 7 in Axes
  3338 | D:5      | Found a blossoming altar of Fedhas.
  3478 | D:5      | Found an ancient bone altar of Kikubaaqudgha.
  3480 | D:5      | Found a blossoming altar of Fedhas.
  3903 | D:6      | Reached skill level 5 in Fighting
  3968 | D:6      | Reached skill level 8 in Axes
  4076 | D:6      | Gained mutation: You have claws for hands. [demonic ancestry]
  4076 | D:6      | Reached XP level 9. HP: 47/68 MP: 9/9
  4157 | D:6      | Found an opulent altar of Gozag.
  4157 | D:6      | Found a snail-covered altar of Cheibriados.
  4255 | D:6      | Found an iron altar of Okawaru.
  4267 | D:6      | Became a worshipper of Warmaster Okawaru
  4367 | D:6      | Found a staircase to the Ecumenical Temple.
  4555 | D:7      | Found a white marble altar of Elyvilon.
  4674 | D:7      | Found a basalt altar of Yredelemnul.
  4807 | D:7      | Found Zin's Purification Station.
  4814 | D:7      | Reached skill level 5 in Armour
  4815 | D:7      | Found a glowing silver altar of Zin.
  5262 | D:8      | Reached * piety under Okawaru
  5337 | D:8      | HP: 1/68 [hippogriff (3)]
  5342 | D:8      | Reached skill level 9 in Axes
  5923 | D:8      | Found a hazy altar of Hepliaklqana.
  6044 | D:8      | Reached ** piety under Okawaru
  6044 | D:8      | Reached skill level 5 in Dodging
  6254 | D:9      | Noticed a queen bee
  6268 | D:9      | HP: 1/69 [killer bee (5)]
  6275 | D:9      | Slain by a killer bee

Vault maps used:
D:1:      erik_arrival_gehennom, minmay_misc_feat_tower, kennysheep_nondescript
D:2:      nicolae_ru_great_annihilating_truth, first_bread,
          kennysheep_small_spiral, nicolae_dithmenos_through_a_glass_darkly,
          uniq_sigmund
D:4:      uniq_duvessa
D:5:      grunt_temple_overflow_growth_and_decay, lemuel_doored_altar,
          basic_altar, uniq_pikel, uniq_ijyb
D:6:      okawaru_altar_gauntlet_db, gammafunk_temple_overflow_wave,
          minmay_temple_entry_enclosed_plants, minmay_misc_feat_four_crosses
D:7:      kennysheep_ying_yang, zin_purify
D:8:      kennysheep_little_box
D:9:      lair_entry_dummy, serial_shops, nicolae_shop_trees

Skill      XL: |  1  2  3  4  5  6  7  8  9 |
---------------+----------------------------+-----
Axes           | 3 4 5 6 8 9 |  9.4
Dodging        | 3 4 5 |  5.2
Armour         | 1 2 3 4 5 |  5.3
Fighting       | 3 4 5 6 |  6.2
Stealth        | 1 2 |  2.7
Throwing       | |  1.9

Action                   |  1- 3 |  4- 6 |  7- 9 || total
-------------------------+-------+-------+-------++-------
Melee: War axe           |    35 |       |       ||    35
       Kick              |     9 |    37 |   105 ||   151
       Hand axe          |    36 |   131 |   331 ||   498
Throw: Throwing net      |       |       |     2 ||     2
  Use: Scroll            |     1 |       |       ||     1
       Potion            |       |       |     5 ||     5
 Stab: Sleeping          |     1 |       |     4 ||     5
       Paralysed         |     1 |       |       ||     1
       Held in net/web   |       |       |     1 ||     1
  Eat: Chunk             |       |     4 |    13 ||    17
Armor: Leather armour    |    13 |       |       ||    13
       Ring mail         |     3 |    52 |   104 ||   159
Dodge: Dodged            |    48 |    73 |   211 ||   332
       Deflected         |       |       |     3 ||     3

Table legend:
 A = Spawn XP
 B = Non-spawn XP
 C = Spawn XP percentage of total XP
 D = Spawn monster count
 E = Non-spawn monster count
 F = Spawn count percentage of total count
 G = Total turns spent on level
                    A         B        C        D         E        F      G
               +---------+---------+-------+---------+---------+-------+---------
         Total |       0 |    5180 |   0.0 |       0 |     206 |   0.0 |  6275
               +---------+---------+-------+---------+---------+-------+---------
           D:1 |       0 |      63 |   0.0 |       0 |      30 |   0.0 |   865
           D:2 |       0 |     404 |   0.0 |       0 |      31 |   0.0 |   817
           D:3 |       0 |     166 |   0.0 |       0 |      31 |   0.0 |   439
           D:4 |       0 |     535 |   0.0 |       0 |      21 |   0.0 |   679
           D:5 |       0 |    1299 |   0.0 |       0 |      17 |   0.0 |  1065
           D:6 |       0 |     476 |   0.0 |       0 |      27 |   0.0 |   534
           D:7 |       0 |     778 |   0.0 |       0 |      19 |   0.0 |   848
           D:8 |       0 |    1266 |   0.0 |       0 |      27 |   0.0 |   988
           D:9 |       0 |     193 |   0.0 |       0 |       3 |   0.0 |    40
               +---------+---------+-------+---------+---------+-------+---------
